 Dungeon Crawl Stone Soup version 0.23-a0-586-gacb4b3f (webtiles) character file.

308 galech the Shield-Bearer (level 6, -5/48 HPs)
             Began as a Demonspawn Fighter on Dec 18, 2018.
             Slain by an ogre
             ... wielding a cursed -2 giant spiked club
              (13 damage)
             ... on level 4 of the Dungeon.
             The game lasted 00:03:24 (3525 turns).

galech the Shield-Bearer (Demonspawn Fighter)       Turns: 3525, Time: 00:03:25

Health: -5/48      AC: 12    Str: 17    XL:     6   Next: 16%
Magic:  6/6        EV:  5    Int:  9    God:
Gold:   181        SH: 10    Dex: 19    Spells: 5/5 levels left

rFire    . . .     SeeInvis .   a - +0 war axe
rCold    . . .     Gourm    .   c - +0 shield
rNeg     . . .     Faith    .   q - +0 chain mail
rPois    .         Spirit   .   l - +0 helmet
rElec    .         Reflect  .   (no cloak)
rCorr    .         Harm     .   (no gloves)
MR       .....                  (no boots)
Stlth    ..........             (no amulet)
HPRegen  0.16/turn              k - +5 ring of dexterity
MPRegen  0.10/turn              (no ring)

@: no status effects
A: iridescent scales 1, powered by death 1
a: no special abilities


You were on level 4 of the Dungeon.
You were not hungry.

You visited 1 branch of the dungeon, and saw 4 of its levels.

You collected 181 gold pieces.

Inventory:

Hand Weapons
 a - a +0 war axe (weapon)
Armour
 b - a +0 scale mail
 c - a +0 shield (worn)
 l - a +0 helmet (worn)
 q - a +0 chain mail (worn)
Jewellery
 k - a +5 ring of dexterity (left hand)
 u - an uncursed ring of resist corrosion {unknown}
Wands
 s - a wand of enslavement (6)
Scrolls
 e - a scroll of enchant armour {unknown}
 h - a scroll of fear {unknown}
 i - a scroll of enchant weapon {unknown}
 j - 2 scrolls of random uselessness {unknown}
 m - 2 scrolls of teleportation {unknown}
 n - a scroll of noise {unknown}
 o - a scroll of magic mapping {unknown}
 t - 4 scrolls of identify {unknown}
Potions
 d - a potion of flight {unknown}
 p - a potion of lignification {unknown}
 r - a potion of resistance {unknown}
 v - a potion of curing {unknown}
Comestibles
 f - 7 rations


   Skills:
 + Level 3.8 Fighting
 + Level 3.9 Axes
 + Level 3.3 Armour
 + Level 0.8 Dodging
 + Level 4.0 Shields


You had 5 spell levels left.
You didn't know any spells.
Your spell library was empty.

Dungeon Overview and Level Annotations

Branches:
Dungeon (4/15)
 Temple: D:4-7

Altars:
Dithmenos
Fedhas
Xom
Zin

Annotations:
D:3 3 runed doors, Duffy's ghost, amateur NaFi


Innate Abilities, Weirdness & Mutations

You are partially covered in iridescent scales. (AC +2)
You regenerate a little health from kills.


Message History

You are too injured to fight recklessly!
You are too injured to fight recklessly!
You are too injured to fight recklessly!
You are too injured to fight recklessly!
You are too injured to fight recklessly!
You are too injured to fight recklessly!
You are too injured to fight recklessly!
You are too injured to fight recklessly!
You hit the ogre.
The ogre is heavily wounded.
The ogre hits you with a cursed -2 giant spiked club!
* * * LOW HITPOINT WARNING * * *
You slash the ogre!
The ogre is severely wounded.
The ogre hits you with a cursed -2 giant spiked club.
* * * LOW HITPOINT WARNING * * *
You hit the ogre but do no damage.
The ogre is severely wounded.
The ogre hits you with a cursed -2 giant spiked club!
You die...

#....# #.#..# #.#
#.##.# #.# .# ♣.♣
#.##.# #..
.#♣♣.♣♣#....#
.........##.##
.#♣♣.♣♣#.#...## ♣.♣
#......##
.###.###.###.........
......O@..........###
.###..####.#.#...##
.... #.#)##..... .###
#.#.# ##### #.#..
#.### #.# ..#


You could see an ogre.

Vanquished Creatures
  An ogre (D:4)
  A hound (D:4)
  Natasha (D:4)
  5 gnolls
  4 adders
  3 oozes (D:1)
  A worm (D:3)
  A dart slug (D:1)
  2 orcs (D:3)
  5 bats
  5 giant cockroaches
  10 goblins
  9 hobgoblins
  7 jackals
  7 kobolds
  2 ball pythons (D:2)
  5 frilled lizards
  4 rats
73 creatures vanquished.

Notes
Turn   | Place    | Note
-------+----------+-------------------------------------------
     0 | D:1      | galech the Demonspawn Fighter began the quest for the Orb.
     0 | D:1      | Reached XP level 1. HP: 18/18 MP: 1/1
   133 | D:1      | Reached skill level 3 in Shields
   158 | D:1      | Gained mutation: You are partially covered in iridescent
                  | scales. (AC +2) [demonic ancestry]
   158 | D:1      | Reached XP level 2. HP: 23/24 MP: 2/2
   245 | D:1      | Reached XP level 3. HP: 23/29 MP: 3/3
  1127 | D:2      | Gained mutation: You regenerate a little health from kills.
                  | [demonic ancestry]
  1127 | D:2      | Reached XP level 4. HP: 34/35 MP: 4/4
  1192 | D:2      | Found a shadowy altar of Dithmenos.
  1231 | D:2      | Found a shimmering altar of Xom.
  1672 | D:2      | Noticed an angel
  1673 | D:2      | Found a glowing silver altar of Zin.
  2011 | D:2      | Reached XP level 5. HP: 42/42 MP: 5/5
  2044 | D:3      | Found a blossoming altar of Fedhas.
  2065 | D:3      | Found a runed gate.
  2075 | D:3      | Found a runed gate.
  2076 | D:3      | Found a runed gate.
  2079 | D:3      | Noticed Duffy's ghost (amateur NaFi)
  3167 | D:4      | Noticed an ogre
  3170 | D:3      | Reached skill level 4 in Shields
  3202 | D:4      | Noticed Natasha
  3205 | D:4      | Killed Natasha
  3235 | D:4      | Noticed an ogre
  3239 | D:4      | Killed an ogre
  3239 | D:4      | Reached XP level 6. HP: 23/48 MP: 6/6
  3525 | D:4      | Slain by an ogre

Vault maps used:
D:1:      dpeg_arrival_rooms_b, minmay_nonomino_d4
D:2:      nicolae_overflow_crystal_walls, lemuel_crystal_altar, zin_angel,
          first_ration, minmay_crystal_water, minmay_misc_feat_four_crosses,
          minmay_pentomino_pile
D:3:      serial_rivers, chequers_serial_rivers_small_b,
          chequers_serial_rivers_room_a, chequers_serial_rivers_large_b,
          chequers_serial_rivers_small_a, chequers_serial_rivers_small_3,
          chequers_serial_rivers_room_b, gammafunk_ghost_nasty_kobolds,
          fedhas_altar_3
D:4:      lemuel_doored_altar, minmay_tree_intersection, uniq_natasha

Skill      XL: |  1  2  3  4  5 |
---------------+----------------+-----
Shields        | 3 4 |  4.0
Axes           | 2 3 |  3.9
Armour         | 3 |  3.3
Fighting       | |  3.8
Dodging        | |  0.8

Action                   |  1- 3 |  4- 6 || total
-------------------------+-------+-------++-------
Melee: War axe           |   107 |   159 ||   266
  Use: Potion            |       |     1 ||     1
  Eat: Chunk             |     1 |     8 ||     9
Armor: Scale mail        |    72 |     6 ||    78
       Chain mail        |       |   115 ||   115
Dodge: Dodged            |    34 |    30 ||    64
Block: Shield            |    61 |   103 ||   164

Table legend:
 A = Non-vault XP
 B = Vault XP
 C = Vault XP percentage of total XP
 D = Non-vault monster count
 E = Vault monster count
 F = Vault count percentage of total count
                 A         B        C        D         E       F
            +---------+---------+-------+---------+---------+-------
      Total |     390 |      50 |  11.4 |      65 |       8 |  11.0
            +---------+---------+-------+---------+---------+-------
        D:1 |      68 |      10 |  12.8 |      25 |       3 |  10.7
        D:2 |     114 |       5 |   4.2 |      18 |       4 |  18.2
        D:3 |      36 |       0 |   0.0 |      17 |       0 |   0.0
        D:4 |     172 |      35 |  16.9 |       5 |       1 |  16.7
            +---------+---------+-------+---------+---------+-------
